 Dungeon Crawl Stone Soup version 0.27-a0-1228-gfd60fd639a (webtiles) character file.

Game seed: 487058639400676303

386 robertstho the Magician (level 7, -2/46 HPs)
             Began as a Djinni Fire Elementalist on June 7, 2021.
             Was an Initiate of Gozag.
             Killed from afar by Pikel (18 damage)
             ... with an iceblast
             ... on level 4 of the Dungeon.
             The game lasted 00:04:23 (4723 turns).

robertstho the Magician (Djinni Fire Elementalist)  Turns: 4723, Time: 00:04:26

Health: -2/46      AC:  3    Str:  7    XL:     7   Next: 6%
Gold:   384        EV: 13    Int: 18    God:    Gozag SH:  0 Dex: 20

rFire    + + .     SeeInvis .   e - +2 whip (pain)
rCold    x . .     Faith    .   (no shield)
rNeg     . . .     Spirit   .   a - +1 robe
rPois    ∞         Reflect  .   (no helmet)
rElec    .         Harm     .   (no cloak)
rCorr    .         Rampage  .   (no gloves)
Will     .....                  (boots unavailable)
Stlth    ++........             (no amulet)
HPRegen  0.15/turn              j - +6 ring of dexterity
MPRegen  0.00/turn              (no ring)

@: flying
A: sickness immunity, fire resistance 2, cold vulnerability 1, float, innate
caster, hp casting, extra vitality 1
a: Renounce Religion, Potion Petition, Call Merchant, Bribe Branch


You were on level 4 of the Dungeon.
You worshipped Gozag.
Gozag was aware of your devotion.
You visited 1 branch of the dungeon, and saw 4 of its levels.

You collected 407 gold pieces.
You paid 23 gold pieces to Gozag.

Inventory:

Hand Weapons
 b - a +0 short sword
 e - a +2 whip of pain (weapon)
 g - a +0 falchion
Armour
 a - a +1 robe (worn)
Jewellery
 j - a +6 ring of dexterity (left hand)
Scrolls
 c - a scroll of fear
 d - 2 scrolls of enchant armour
 f - 3 scrolls of identify {unknown}
 h - 2 scrolls of teleportation {unknown}
 i - a scroll of enchant weapon {unknown}
 k - a scroll of blinking {unknown}


   Skills:
 + Level 0.7 Fighting
 + Level 0.4 Long Blades
 + Level 2.4 Dodging
 * Level 2.7 Stealth
 * Level 5.1 Spellcasting


You couldn't memorise any spells.
You knew the following spells:

 Your Spells              Type           Power      Damage    Failure   Level
a - Foxfire               Conj/Fire      92%        2x1d8     1%          1
b - Conjure Flame         Conj/Fire      23%        6-21      4%          3
c - Inner Flame           Hex/Fire       23%        N/A       4%          3
d - Sticky Flame          Conj/Fire      23%        2d4       16%         4
e - Fireball              Conj/Fire      11%        3d7       41%         5
f - Sting                 Tmut/Pois      92%        1d7       1%          1
g - Slow                  Hex            23%        N/A       2%          2
h - Call Canine Familiar  Summ           23%        N/A       4%          3
Your spell library was empty.

Dungeon Overview and Level Annotations

Branches:
Dungeon (4/15)             Temple (0/1) D:4

Altars:
Gozag

Annotations:
D:4 Pikel


Innate Abilities, Weirdness & Mutations

You are immune to sickness and miasma.
You are immune to poison.
Your flesh is very heat resistant. (rF++)
You are vulnerable to cold. (rC-)
You float through the air rather than walking.
You learn spells naturally, not from books.
Your magical power is your life essence.
You have superior vitality. (+4 HP)


Message History

You reach down and open the door.
There is an open door here.
You now have 384 gold pieces (gained 13).
You reach down and open the door.
There is an open door here.
Pikel is nearby!
Pikel is nearby!
Pikel is nearby!
Pikel is nearby!
Pikel is nearby!
Casting: Foxfire (safe; 1% risk of failure)
Press: ? - help, Q - select action, (/) - cycle Dir - look around, f - activate You conjure some foxfire!
Casting: Foxfire (safe; 1% risk of failure)
Press: ? - help, Q - select action, (/) - cycle Dir - look around, f - activate You conjure some foxfire!
The foxfire hits Pikel.
Pikel is lightly wounded.
Pikel zaps a wand.
The mass of ice explodes!
The iceblast engulfs you!!
You feel a painful chill!
Ouch! That really hurt!
The iceblast engulfs your foxfire! x2
Your foxfire dissipates!
You hear a shout!
Casting: Foxfire (safe; 1% risk of failure)
Press: ? - help, Q - select action, (/) - cycle Dir - look around, f - activate You conjure some foxfire!
The foxfire hits Pikel but does no damage.
Pikel is lightly wounded.
Unknown command.
Your foxfire dissipates!
Casting: Foxfire (safe; 1% risk of failure)
Confirm with . or Enter, or press ? or * to list all spells.
You swap places.
Pikel zaps a wand.
The mass of ice explodes!
The iceblast engulfs your hound!!
Your hound dies!
Your hound's corpse disappears in a puff of smoke!
The iceblast engulfs you!!
You feel a painful chill!
You die...
Your body crumbles into a pile of gold.

.........# #..#
########## .# ..
####### #######
.#
......###≈≈.≈≈#
K#
#####...#≈.♣.≈###
K#
#.#.'.♣♣♣.'.##.#
#.###≈.♣.≈#..§#
#.# #≈≈.≈≈##@##
#.# #######...#
..# #.##.# ... ..
.# ### ### #


You could see Pikel.

Vanquished Creatures
  A black bear (D:4)
  A necrophage (D:4)
  A lemure (D:4)
  A hound (D:2)
  2 orc priests (D:3)
  2 orc wizards (D:3)
  A hound skeleton (D:4)
  An adder (D:2)
  2 dart slugs (D:3)
  3 orcs (D:3)
  3 bats
  3 endoplasms
  A giant cockroach (D:2)
  3 goblins (D:3)
  5 hobgoblins
  6 kobolds
  4 quokkas
  4 ball pythons
  4 frilled lizards
  5 rats
53 creatures vanquished.

Vanquished Creatures (others)
  255 foxfires
255 creatures vanquished.

Grand Total: 308 creatures vanquished

Notes
Turn   | Place    | Note
-------+----------+-------------------------------------------
     0 | D:1      | robertstho the Djinni Fire Elementalist began the quest for
                  | the Orb.
     0 | D:1      | Reached XP level 1. HP: 15/15 MP: 0/0
   843 | D:1      | Found a faded altar of an unknown god.
   847 | D:1      | Reached XP level 2. HP: 18/21 MP: 0/0
  1220 | D:2      | Reached skill level 3 in Spellcasting
  1267 | D:2      | Reached XP level 3. HP: 21/25 MP: 0/0
  1267 | D:2      | Learned a level 1 spell: Sting
  1644 | D:2      | Found an opulent altar of Gozag.
  1700 | D:2      | Became a worshipper of Gozag Ym Sagoz the Greedy
  2030 | D:2      | Reached XP level 4. HP: 25/31 MP: 0/0
  2596 | D:3      | Reached XP level 5. HP: 32/36 MP: 0/0
  2596 | D:3      | Learned a level 2 spell: Slow
  2632 | D:3      | Reached skill level 4 in Spellcasting
  3323 | D:3      | Reached XP level 6. HP: 39/41 MP: 0/0
  3971 | D:4      | Noticed a necrophage
  3985 | D:4      | Killed a necrophage
  4348 | D:4      | Found a staircase to the Ecumenical Temple.
  4361 | D:4      | Noticed Pikel
  4361 | D:4      | Noticed a black bear
  4460 | D:4      | Killed a black bear
  4461 | D:4      | Reached skill level 5 in Spellcasting
  4461 | D:4      | Reached XP level 7. HP: 43/46 MP: 0/0
  4461 | D:4      | Learned a level 3 spell: Call Canine Familiar
  4723 | D:4      | Killed from afar by Pikel

Illustrated notes

Levels and vault maps discovered:
D:1:      dpeg_arrival_water_fire, layout_loops_ring, basic_ecumenical_altar,
          corexii_item_surrounded_by_moat
D:2:      layout_rooms, basic_altar, amethyst_killhole
D:3:      layout_loops_corners, grunt_ministairs_3
D:4:      layout_loops_ring, minmay_temple_entry_trees, minivault_26,
          kennysheep_generic_room_13, uniq_pikel

Skill      XL: |  1  2  3  4  5  6 |
---------------+-------------------+-----
Spellcasting   | 3 4 5 |  5.1
Stealth        | 2 |  2.7
Fighting       | |  0.7
Long Blades    | |  0.4
Dodging        | |  2.4

Action                   |  1- 3 |  4- 6 |  7- 9 || total
-------------------------+-------+-------+-------++-------
Melee: Falchion          |       |     4 |       ||     4
       Whip              |       |     1 |       ||     1
 Cast: Foxfire           |    64 |    90 |     6 ||   160
       Sticky Flame      |       |     3 |       ||     3
       Call Canine Famil |       |       |     1 ||     1
  Use: Scroll            |       |     2 |       ||     2
       Potion            |       |     2 |       ||     2
Armor: Robe              |       |     2 |       ||     2
Dodge: Dodged            |     7 |    16 |       ||    23
       Rpst.: Falchion   |       |     3 |       ||     3

Table legend: (Time is in decaauts)
 A = Elapsed time spent in this place.
 B = Non-inter-level travel time spent in this place.
 C = Inter-level travel time spent in this place.
 D = Time resting spent in this place.
 E = Time spent auto-exploring this place.
 F = Levels seen in this place.
 G = Mean time per level.
                   A        B        C        D        E       F      G
               +--------+--------+--------+--------+--------+-----+--------+
         Total |   4721 |   4601 |    120 |    380 |   3776 |   4 | 1180.2 |
       Dungeon |   4721 |   4601 |    120 |    380 |   3776 |   4 | 1180.2 |
               +--------+--------+--------+--------+--------+-----+--------+

Top non-repeatable levels by time:
     D:3: 1814 daAuts
     D:1: 1125 daAuts
     D:2: 965 daAuts
     D:4: 816 daAuts
